 Dungeon Crawl Stone Soup version 0.23.0 (webtiles) character file.

Game seed: 4778926199089836111

21592 BarneyGumball the Cleaver (level 12, -3/112 HPs)
             Began as a Deep Dwarf Fighter on Feb 22, 2019.
             Was a Priest of Makhleb.
             Slain by a 12-headed hydra (6 damage)
             ... on level 6 of the Lair of Beasts.
             The game lasted 00:12:31 (10384 turns).

BarneyGumball the Cleaver (Deep Dwarf Fighter)     Turns: 10384, Time: 00:12:32

Health: -3/112     AC: 17    Str: 29    XL:     12   Next: 55%
Magic:  9/9        EV:  7    Int: 10    God:    Makhleb [***...]
Gold:   866        SH: 15    Dex: 12    Spells: 11/11 levels left

rFire    . . .     SeeInvis .   b - +4 falchion (flame)
rCold    . . .     Gourm    .   c - +0 shield
rNeg     . . .     Faith    .   g - +0 plate armour
rPois    +         Spirit   .   (no helmet)
rElec    .         Reflect  +   B - +1 cloak
rCorr    .         Harm     .   (no gloves)
MR       +....                  (no boots)
Stlth    ..........             y - +2 amulet of reflection
HPRegen  0.00/turn              A - +5 ring of strength
MPRegen  0.11/turn              w - ring of poison resistance

@: non-regenerating
A: damage resistance, heal wounds, sense surroundings 2, no regeneration
a: Heal Wounds, Minor Destruction, Lesser Servant of Makhleb, Renounce Religion


You were on level 6 of the Lair of Beasts.
You worshipped Makhleb.
Makhleb was most pleased with you.
You were not hungry.

You visited 3 branches of the dungeon, and saw 17 of its levels.

You collected 931 gold pieces.
You spent 65 gold pieces at shops.

Inventory:

Hand Weapons
 a - a +1 war axe
 b - a +4 falchion of flaming (weapon)
Armour
 c - a +0 shield (worn)
 g - a +0 plate armour (worn)
 B - a +1 cloak (worn)
 J - a +0 scale mail
Jewellery
 n - an uncursed ring of protection from fire
 w - a ring of poison resistance (right hand)
 x - an uncursed amulet of guardian spirit
 y - a +2 amulet of reflection (around neck)
 A - a +5 ring of strength (left hand)
 D - an uncursed amulet of the gourmand
 G - an uncursed ring of fire
 H - an uncursed amulet of the acrobat {unknown}
 M - a +1 ring of evasion {unknown}
 P - an uncursed ring of stealth {unknown}
 S - an uncursed ring of protection from magic {unknown}
 T - an uncursed ring of protection from cold {unknown}
 V - an uncursed ring of positive energy {unknown}
Wands
 l - a wand of paralysis (6)
 t - a wand of iceblast (5)
 C - a wand of acid (25)
 I - a wand of flame (34)
 O - a wand of enslavement (9)
 Q - a wand of random effects (18)
 U - a wand of polymorph (12)
Scrolls
 e - 9 scrolls of teleportation
 i - 4 scrolls of magic mapping
 j - 3 scrolls of enchant weapon
 p - 5 scrolls of identify
 v - 5 scrolls of remove curse
 E - 3 scrolls of immolation
 F - 2 scrolls of amnesia
 K - a scroll of fog {unknown}
 L - a scroll of vulnerability {unknown}
 N - a scroll of enchant armour
 R - a scroll of summoning {unknown}
 W - a scroll of acquirement {unknown}
Potions
 d - 3 potions of might
 h - a potion of degeneration {unknown}
 k - 3 potions of flight {unknown}
 m - 2 potions of ambrosia {unknown}
 o - 2 potions of mutation {unknown}
 q - 3 potions of lignification {unknown}
 r - 10 potions of curing {unknown}
 s - 5 potions of heal wounds
 u - 2 potions of brilliance {unknown}
 z - 2 potions of resistance {unknown}
Comestibles
 f - 26 rations
 X - 2 chunks of flesh


   Skills:
 + Level 8.5 Fighting
 * Level 13.2 Axes
 + Level 10.2 Armour
 + Level 10.1 Shields
 * Level 11.0 Invocations


You had 11 spell levels left.
You didn't know any spells.
Your spell library contained the following spells:

 Spells                   Type           Power        Failure   Level  Hunger
 Animate Skeleton         Necr           N/A          99%         1    ##.....
 Apportation              Tloc           #.....       99%         1    ##.....
 Confusing Touch          Hex            #.....       99%         1    ##.....
 Summon Butterflies       Summ           #.......     99%         1    ##.....
 Summon Small Mammal      Summ           #...         99%         1    ##.....
 Call Canine Familiar     Summ           #.......     100%        3    ####...
 Summon Ice Beast         Ice/Summ       #.......     100%        4    #####..
 Summon Mana Viper        Hex/Summ       #.......     100%        5    ######.
 Summon Hydra             Summ           #.........   100%        7    #######


Dungeon Overview and Level Annotations

Branches:
Dungeon (10/15)            Temple (1/1) D:7            Lair (6/6) D:8
  Swamp (0/4) Lair:2        Snake (0/4) Lair:3        Slime (0/5) Lair:5
    Orc (0/2) D:9

Altars:
Ashenzari
Dithmenos
Elyvilon
Fedhas
Gozag
Hepliaklqana
Kikubaaqudgha
Makhleb
Nemelex Xobeh
Okawaru
Qazlal
Sif Muna
Trog
Uskayaw
Vehumet
Wu Jian
Xom
Yredelemnul
Zin
The Shining One
Jiyva

Shops:
D:4 !(

Annotations:
D:4 2 transporters, Menkaure
Lair:3 2 transporters, Loywebes's ghost, journeyman MiFi
Lair:4 exclusions: ice devil, ice statue and 3 more exclusions


Innate Abilities, Weirdness & Mutations

You are resistant to damage.
You can heal yourself by infusing magical energy.
You passively map the area around you.
You do not regenerate.


Message History

* * * LOW HITPOINT WARNING * * *
You block the 12-headed hydra's attack.
The 12-headed hydra bites you but does no damage.
The 12-headed hydra bites you.
* * * LOW HITPOINT WARNING * * *
Your ynoxinul gestures.
Your ufetubus hits the 12-headed hydra. x2
A demon appears!
The 12-headed hydra bites you but does no damage. x3
You block the 12-headed hydra's attack.
The 12-headed hydra bites you but does no damage.
The 12-headed hydra bites you!
* * * LOW HITPOINT WARNING * * *
The 12-headed hydra bites you but does no damage.
The 12-headed hydra bites you!
* * * LOW HITPOINT WARNING * * *
You block the 12-headed hydra's attack. The 12-headed hydra bites you!
* * * LOW HITPOINT WARNING * * *
The 12-headed hydra bites you. The 12-headed hydra bites you!
You die...

, , ....#.###...... *, *
,.......#......# *
..............# * ,
.......#......# ,
..............# * , *
......†.3.....##* , ,* ,
, .......55......#* , ,
.......D.......# , ,
.......@.......# * *
,,......3........##** ,
,, .........#......#
*,,,* ......../...#.÷.##
, , ..........<......# ,
* ,
,.......^............,8
..........(........... ,
,,
,,.........#.P..........8
,,, ,
...#.##P##....P.....


You could see a 12-headed hydra, 2 friendly ynoxinuls and 2 friendly ufetubi.

Vanquished Creatures
  Gastronok (Lair:1)
  2 hydras (Lair:4)
  2 two-headed ogres
  3 elephants (Lair:4)
  A black mamba (Lair:5)
  8 spiny frogs
  3 rime drakes
  3 komodo dragons
  A queen bee (D:9)
  A polar bear (Lair:4)
  A slime creature (D:8)
  3 blink frogs (Lair:3)
  A hippogriff (D:9)
  11 yaks
  3 basilisks
  A wyvern (Lair:1)
  Eustachio (D:6)
  4 hungry ghosts
  3 wargs (D:8)
  6 water moccasins
  2 black bears
  6 porcupines
  2 orc warriors (D:8)
  5 ice beasts
  3 phantoms
  4 ogres
  2 sky beasts (D:6)
  4 wolves (Lair:6)
  4 centaurs
  5 crocodiles
  9 bullfrogs
  A wyvern skeleton (D:7)
  4 scorpions
  21 killer bees
  7 wights (D:8)
  3 howler monkeys
  An electric eel (Lair:3)
  A crimson imp (D:6)
  A bullfrog zombie (D:7)
  A centaur zombie (D:6)
  9 orc priests
  A gnoll shaman (D:8)
  A bullfrog skeleton (D:4)
  3 hounds
  4 orc wizards
  Crazy Yiuf (D:6)
  3 iguanas
  9 worker ants
  A killer bee zombie (D:7)
  6 ogre zombies (D:9)
  4 gnolls (D:8)
  A howler monkey skeleton (D:5)
  8 adders
  2 white imps (Lair:4)
  An adder skeleton (D:6)
  An adder zombie (D:6)
  2 worms (D:2)
  4 leopard geckos
  29 orcs
  A bat (D:1)
  4 giant cockroaches
  2 goblins
  2 hobgoblins (D:1)
  5 jackals
  2 kobolds
  3 quokkas
  5 frilled lizards
  2 giant cockroach zombies
  A goblin skeleton (D:9)
  2 goblin zombies (D:9)
  3 hobgoblin skeletons (D:9)
  2 hobgoblin zombies (D:9)
  A jackal skeleton (D:6)
  11 orc zombies (D:9)
  3 rats
  3 fungi
287 creatures vanquished.

Vanquished Creatures (collateral kills)
  An elephant (Lair:4)
  2 ice beasts (Lair:4)
3 creatures vanquished.

Vanquished Creatures (others)
  Sonja (Lair:5)
  2 plants (Lair:4)
3 creatures vanquished.

Grand Total: 293 creatures vanquished

Notes
Turn   | Place    | Note
-------+----------+-------------------------------------------
     0 | D:1      | BarneyGumball the Deep Dwarf Fighter began the quest for
                  | the Orb.
     0 | D:1      | Reached XP level 1. HP: 20/20 MP: 1/1
   441 | D:1      | Reached XP level 2. HP: 24/27 MP: 2/2
   526 | D:2      | Noticed a scorpion
   532 | D:2      | Killed a scorpion
   532 | D:2      | Reached skill level 3 in Axes
   532 | D:2      | Reached XP level 3. HP: 23/34 MP: 3/3
   571 | D:2      | Reached XP level 4. HP: 25/42 MP: 4/4
   696 | D:4      | Noticed an ogre
   701 | D:4      | Killed an ogre
   701 | D:4      | Reached skill level 4 in Axes
   701 | D:4      | Reached XP level 5. HP: 43/49 MP: 5/5
   715 | D:4      | Found Golusch's Jewellery Emporium.
   740 | D:4      | Found Xudaor's Distillery.
   751 | D:4      | Found a basalt altar of Yredelemnul.
   758 | D:4      | Bought a potion of heal wounds for 65 gold pieces
   781 | D:4      | Found an ancient bone altar of Kikubaaqudgha.
   782 | D:4      | Found a transporter.
   787 | D:4      | Noticed a phantom
   820 | D:4      | Killed a phantom
   820 | D:4      | Reached XP level 6. HP: 42/57 MP: 6/6
   838 | D:4      | Reached skill level 5 in Axes
   965 | D:4      | Noticed Menkaure
   980 | D:4      | Found a transporter.
  1105 | D:4      | Found Keyrph's Antique Weapon Boutique.
  1197 | D:4      | Found a hazy altar of Hepliaklqana.
  1203 | D:4      | Found a radiant altar of Vehumet.
  1206 | D:4      | Found a glowing golden altar of the Shining One.
  1287 | D:5      | Entered Level 5 of the Dungeon
  1449 | D:5      | Reached XP level 7. HP: 35/63 MP: 7/7
  1457 | D:5      | Reached skill level 5 in Shields
  1656 | D:5      | Reached skill level 5 in Armour
  1920 | D:5      | Reached skill level 6 in Axes
  2112 | D:6      | Reached XP level 8. HP: 43/73 MP: 7/7
  2147 | D:6      | Found a shadowy altar of Dithmenos.
  2284 | D:6      | Found a blossoming altar of Fedhas.
  2295 | D:6      | Reached skill level 7 in Axes
  2498 | D:6      | Found an ornate altar of the Wu Jian Council.
  2629 | D:6      | Reached skill level 5 in Fighting
  2650 | D:6      | Reached skill level 8 in Axes
  2650 | D:6      | Noticed Eustachio
  2675 | D:6      | Killed Eustachio
  2916 | D:6      | Found a runed translucent door.
  2917 | D:6      | Noticed Crazy Yiuf
  3021 | D:6      | Killed Crazy Yiuf
  3077 | D:7      | Gained mutation: You passively map the area around you.
                  | [Deep Dwarf growth]
  3077 | D:7      | Reached XP level 9. HP: 65/81 MP: 7/7
  3188 | D:7      | Found a staircase to the Ecumenical Temple.
  3203 | Temple   | Entered the Ecumenical Temple
  3327 | Temple   | Became a worshipper of Makhleb the Destroyer
  4379 | D:8      | Reached skill level 9 in Axes
  4465 | D:8      | Found a deep blue altar of Sif Muna.
  4467 | D:8      | Noticed a two-headed ogre
  4477 | D:8      | Killed a two-headed ogre
  4533 | D:8      | Reached skill level 10 in Axes
  4534 | D:8      | Reached skill level 1 in Invocations
  4547 | D:8      | Reached * piety under Makhleb
  4558 | D:8      | Reached XP level 10. HP: 68/92 MP: 9/9
  4564 | D:8      | Found a staircase to the Lair.
  5434 | D:9      | Noticed a two-headed ogre
  5447 | D:9      | Killed a two-headed ogre
  5447 | D:9      | Reached skill level 5 in Invocations
  5477 | D:9      | Found a staircase to the Orcish Mines.
  5495 | D:9      | Reached ** piety under Makhleb
  5574 | D:9      | Reached skill level 11 in Axes
  5874 | D:9      | Found a blossoming altar of Fedhas.
  5880 | D:9      | Found a sparkling altar of Nemelex Xobeh.
  5880 | D:9      | Found an opulent altar of Gozag.
  6212 | D:10     | Entered Level 10 of the Dungeon
  6298 | Lair:1   | Entered Level 1 of the Lair of Beasts
  6324 | Lair:1   | Reached XP level 11. HP: 97/100 MP: 13/13
  6568 | Lair:1   | Noticed Gastronok
  6609 | Lair:1   | Killed Gastronok
  6609 | Lair:1   | Reached *** piety under Makhleb
  7489 | Lair:2   | Found a staircase to the Swamp.
  7824 | Lair:3   | Noticed Loywebes's ghost (journeyman MiFi)
  7915 | Lair:3   | Found a staircase to the Snake Pit.
  7997 | Lair:3   | Reached skill level 12 in Axes
  8257 | Lair:3   | Found a transporter.
  8259 | Lair:3   | Found a transporter.
  8666 | Lair:4   | Noticed a seven-headed hydra
  8684 | Lair:4   | Noticed a seven-headed hydra
  8696 | Lair:4   | Reached XP level 12. HP: 63/110 MP: 16/16
  8766 | Lair:4   | Killed a one-headed hydra
  8766 | Lair:4   | Reached skill level 10 in Invocations
  8834 | Lair:4   | Killed a one-headed hydra
  9345 | Lair:5   | Noticed Sonja
  9353 | Lair:5   | Killed Sonja
  9547 | Lair:5   | Reached skill level 10 in Armour
  9548 | Lair:5   | Reached skill level 10 in Shields
  9619 | Lair:5   | Reached skill level 13 in Axes
  9757 | Lair:5   | Found a staircase to the Slime Pits.
  9757 | Lair:5   | Found a viscous altar of Jiyva.
 10333 | Lair:6   | Entered Level 6 of the Lair of Beasts
 10361 | Lair:6   | Noticed a five-headed hydra
 10384 | Lair:6   | HP: 3/112 [12-headed hydra (8)]
 10384 | Lair:6   | Slain by a 12-headed hydra

Skill      XL: |  1  2  3  4  5  6  7  8  9 10 11 12 |
---------------+-------------------------------------+-----
Fighting       | 3 4 5 6 7 8 |  8.5
Axes           | 3 4 5 6 8 10 11 12 13 | 13.2
Armour         | 4 5 6 7 8 9 10 | 10.2
Shields        | 4 5 6 7 8 9 10 | 10.1
Invocations    | 2 6 9 11 | 11.0

Action                   |  1- 3 |  4- 6 |  7- 9 | 10-12 || total
-------------------------+-------+-------+-------+-------++-------
Melee: War axe           |    42 |   138 |   357 |   789 ||  1326
       Falchion          |       |       |       |    26 ||    26
Invok: Lesser Servant of |       |       |       |     5 ||     5
 Abil: Heal Wounds       |       |     4 |    22 |    40 ||    66
  Use: Scroll            |       |       |    11 |     1 ||    12
       Potion            |       |       |       |     2 ||     2
  Eat: Chunk             |       |     2 |     9 |    16 ||    27
       Ration            |       |       |     3 |     3 ||     6
Armor: Plate armour      |    27 |    68 |   276 |   444 ||   815
       Scale mail        |     6 |       |       |       ||     6
Dodge: Dodged            |     6 |    24 |    95 |   213 ||   338
Block: Shield            |    23 |    63 |   311 |   686 ||  1083
       Reflection        |       |       |       |     7 ||     7
       Rpst.: Falchion   |       |       |       |     1 ||     1
